 Dungeon Crawl Stone Soup version 0.29-a0-757-g358383bc75 (webtiles) character file.

Game seed: 5225365705643092336

96 RancidPinata the Cudgeller (level 4, 0/28 HPs)
             Began as a Gargoyle Gladiator on June 30, 2022.
             Killed by divine providence
             ... invoked by an orc priest
              (14 damage)
             ... on level 3 of the Dungeon.
             The game lasted 00:05:24 (2868 turns).

RancidPinata the Cudgeller (Gargoyle Gladiator)     Turns: 2868, Time: 00:05:25

Health: 0/28       AC: 10    Str: 20    XL:     4   Next: 67%
Magic:  4/4        EV: 11    Int:  8    God:
Gold:   38         SH:  0    Dex: 11    Spells: 3/3 levels left

rFire   . . .      SeeInvis .   a - +0 flail
rCold   . . .      Faith    .   (no shield)
rNeg    + . .      Spirit   .   n - +0 ring mail
rPois   ∞          Reflect  .   c - +0 helmet
rElec   +          Harm     .   (no cloak)
rCorr   .          Rampage  .   (no gloves)
Will    .....                   (no boots)
Stlth   +.........              (no amulet)
HPRegen 0.09/turn               (no ring)
MPRegen 0.09/turn               (no ring)

@: no status effects
A: sickness immunity, AC +3, negative energy resistance 1, electricity
resistance, torment resistance 1, petrification resistance
a: no special abilities


You were on level 3 of the Dungeon.
You visited 1 branch of the dungeon, and saw 3 of its levels.

You collected 110 gold pieces.
You spent 72 gold pieces at shops.

Inventory:

Hand Weapons
 a - a +0 flail (weapon)
Missiles
 d - 3 throwing nets (quivered)
 e - a javelin
 f - 19 stones
 k - 8 poisoned darts
Armour
 c - a +0 helmet (worn)
 n - a +0 ring mail (worn)
Jewellery
 l - an amulet of magic regeneration
Scrolls
 h - a scroll of fear {unknown}
 i - 2 scrolls of identify {unknown}
 m - a scroll of teleportation {unknown}
Potions
 b - a potion of attraction {unknown}
 g - a potion of cancellation {unknown}
 j - 4 potions of curing


   Skills:
 * Level 3.2 Fighting
 * Level 3.7 Maces & Flails
 + Level 2.1 Throwing
 * Level 1.7 Armour
 + Level 2.8 Dodging


You had 3 spell levels left.
You didn't know any spells.
Your spell library contained the following spells:

 Spells                   Type           Power      Damage    Failure   Level
 Sting                    Tmut/Pois      0%         1d3       58%         1
 Poisonous Vapours        Pois/Air       0%         N/A       73%         2
 Olgreb's Toxic Radiance  Pois           0%         N/A       100%        4


Dungeon Overview and Level Annotations

Branches:
Dungeon (3/15)

Altars:

Shops:
D:2 !


Innate Abilities, Weirdness & Mutations

You are immune to sickness and miasma.
Your stone body is resilient. (AC +3)
You are immune to poison.
You resist negative energy. (rN+)
You are resistant to electric shocks. (rElec)
You are resistant to unholy torment.
You are immune to petrification.


Message History

You see here a +0 club.
There is a stone staircase leading down here.
You climb downwards.
There is a stone staircase leading up here.
Found a stone staircase leading down.
A ball python comes into view.
Found a scroll labelled AMEFEC DAGH.
The ball python hisses angrily.
You hear a shout!
An orc priest comes into view. It is wielding a +0 war axe.
An orc comes into view. It is wielding a +0 club.
You closely miss the ball python. The ball python bites you.
The ball python grabs you. The ball python constricts you.
The orc priest looks satisfied for a moment.
An orc comes into view. It is wielding a +0 mace.
You barely miss the ball python. The ball python closely misses you.
The ball python constricts you.
The orc priest begins to cast a cantrip, but forgets the words!
The ball python barely misses you. The ball python constricts you.
You barely miss the ball python.
The ball python bites you but does no damage.
The ball python constricts you.
You sock the ball python!
You kill the ball python!
You sock the orc!
You kill the orc!
The orc priest closely misses you.
You hit the orc priest but do no damage.
Your punch misses the orc priest.
The orc priest hits you with a +0 war axe!
You barely miss the orc priest.
The orc priest calls down the wrath of Beogh upon you.
Beogh smites you!
Ouch! That really hurt!
* * * LOW HITPOINT WARNING * * *
You completely miss the orc priest. The orc priest misses you.
You feel better.
The orc priest mumbles some strange prayers to Beogh against you.
Beogh smites you!
Ouch! That really hurt!
You die...

..##. .##.#.
..##... ......
#.##.. # #.##o#
...##.#####.##o#
.......<.##.##@#
...#..##....##.#
.... ###...#.#
..#. ##..#.### .
# ##.....#
#...#.# #..##...
...# #.# .....
...


You could see an orc priest and an orc.

Vanquished Creatures
  Jessica (D:2)
  An adder (D:2)
  3 dart slugs
  An orc (D:3)
  8 ball pythons
  5 bats
  7 endoplasms
  2 giant cockroaches (D:2)
  5 goblins
  4 hobgoblins
  2 jackals (D:2)
  2 quokkas
  3 frilled lizards
  3 kobolds
  2 rats (D:1)
49 creatures vanquished.

Vanquished Creatures (others)
  3 plants (D:1)
3 creatures vanquished.

Grand Total: 52 creatures vanquished

Notes
Turn   | Place    | Note
-------+----------+-------------------------------------------
     0 | D:1      | RancidPinata the Gargoyle Gladiator began the quest for the
                  | Orb.
     0 | D:1      | Reached XP level 1. HP: 12/12 MP: 1/1
   396 | D:1      | Reached XP level 2. HP: 4/18 MP: 2/2
   940 | D:1      | Reached skill level 1 in Armour
  1093 | D:1      | Reached XP level 3. HP: 22/22 MP: 3/3
  1277 | D:1      | Found a faded altar of an unknown god.
  1375 | D:2      | Noticed Jessica
  1376 | D:2      | Killed Jessica
  1549 | D:2      | Found Foinumic's Distillery.
  1610 | D:2      | Reached XP level 4. HP: 27/27 MP: 4/4
  1776 | D:2      | Bought 2 potions of curing for 72 gold pieces
  2868 | D:3      | Killed from afar by an orc priest

Illustrated notes

Levels and vault maps discovered:
D:1:      minmay_arrival_up_and_down, layout_rooms,
          shapermc_ecumenical_altar_mp_vishouse, serial_bayou_lagoon_a,
          corexii_item_surrounded_by_moat
D:2:      kb_forest_paths, layout_basic, serial_shops, nicolae_shop_waterfront,
          uniq_jessica
D:3:      layout_rooms, nzn_wu_jian_council_hall,
          mainiacjoe_overflow_surrounded_room, serial_shops, shop,
          cheibrodos_gnoll_hut

Skill      XL: |  1  2  3  4 |
---------------+-------------+-----
Armour         | 1 |  1.7
Throwing       | 2 |  2.1
Fighting       | 3 |  3.2
Maces & Flails | |  3.7
Dodging        | |  2.8

Action                   |  1- 3 |  4- 6 || total
-------------------------+-------+-------++-------
Melee: Flail             |    84 |    82 ||   166
  Use: Potion            |       |     1 ||     1
Armor: Leather armour    |    46 |    14 ||    60
       Ring mail         |       |    22 ||    22
Dodge: Dodged            |    83 |    68 ||   151

Table legend: (Time is in decaauts)
 A = Elapsed time spent in this place.
 B = Non-inter-level travel time spent in this place.
 C = Inter-level travel time spent in this place.
 D = Time resting spent in this place.
 E = Time spent auto-exploring this place.
 F = Levels seen in this place.
 G = Mean time per level.
                   A        B        C        D        E       F      G
               +--------+--------+--------+--------+--------+-----+--------+
         Total |   2909 |   2847 |     62 |   1029 |   1189 |   3 |  969.7 |
       Dungeon |   2909 |   2847 |     62 |   1029 |   1189 |   3 |  969.7 |
               +--------+--------+--------+--------+--------+-----+--------+

Top non-repeatable levels by time:
     D:2: 1495 daAuts
     D:1: 1388 daAuts
     D:3: 24 daAuts
